 Dungeon Crawl Stone Soup version 0.28.0-53-g5a82cb258f (webtiles) character file.

Game seed: 4344081900740738969

10 mortz the Sneak (level 2, -1/15 HPs)
             Began as a Kobold Enchanter on July 17, 2022.
             Slain by a quokka (2 damage)
             ... on level 1 of the Dungeon.
             The game lasted 00:03:00 (718 turns).

mortz the Sneak (Kobold Enchanter)                   Turns: 718, Time: 00:03:00

Health: -1/15      AC:  2    Str:  5    XL:     2   Next: 30%
Magic:  5/5        EV: 15    Int: 16    God:
Gold:   57         SH:  0    Dex: 15    Spells: 5/5 levels left

rFire   . . .      SeeInvis .   a - +1 dagger {short}
rCold   . . .      Faith    .   (no shield)
rNeg    . . .      Spirit   .   b - +0 robe
rPois   .          Reflect  .   (no helmet)
rElec   .          Harm     .   (no cloak)
rCorr   .          Rampage  .   (no gloves)
Will    .....                   (no boots)
Stlth   ++++......              (no amulet)
HPRegen 0.05/turn               (no ring)
MPRegen 0.09/turn               (no ring)

@: no status effects
A: small, no large weapons, nightstalker 3
a: no special abilities


You were on level 1 of the Dungeon.
You visited 1 branch of the dungeon, and saw 1 of its levels.

You collected 57 gold pieces.


Innate Abilities, Weirdness & Mutations

You are small and have problems with some larger weapons.
You are completely attuned to the shadows.


   Skills:
 + Level 1.5 Short Blades
 + Level 2.8 Dodging
 + Level 4.5 Stealth
 + Level 2.3 Spellcasting
 + Level 3.0 Hexes


You had 5 spell levels left.
You didn't know any spells.
Your spell library contained the following spells:

 Spells                   Type           Power      Damage    Failure   Level
 Ensorcelled Hibernation  Hex/Ice        12%        N/A       16%         2
 Confusing Touch          Hex            11%        N/A       17%         3
 Tukima's Dance           Hex            11%        N/A       17%         3
 Dazzling Flash           Conj/Hex       12%        N/A       32%         3

Inventory:

Hand Weapons
 a - a +1 dagger (weapon) {short}
 d - a +0 mace {mace}
   (You found it on level 1 of the Dungeon)
Missiles
 e - 4 boomerangs (quivered) {throwing}
Armour
 b - a +0 robe (worn)
Scrolls
 h - a scroll of noise {unknown}
 i - a scroll of enchant weapon {unknown}
 j - a scroll of teleportation {unknown}
Potions
 c - a potion of invisibility
 f - a potion of haste {unknown}
 g - a potion of might {unknown}

Dungeon Overview and Level Annotations

Branches:
Dungeon (1/15)

Altars:

Shops:
D:1

( .## #..# ###.#.#...#
..... ..####..##.........##
#... ........##.##.#.####
#... ..#.....##.##.#.#####.
#... ....###.......#.......
#####... #####
####.######.##### #.....##
####............##.##.###.#
......######............#.#
.###.......@.#.###.##.#.#.#
##..######r..# # #.....#
#.#.# #.... ###>#### #...#
..... #....... ##.#.# ....
.....###. .....## ##.#.###.
#.....# ##(#..##. #...#.# #
#.....##. #####.#
#.#..#.###.


You could see a quokka.


Message History

The ball python closely misses you. The ball python barely misses you.
You hit the ball python. The ball python closely misses you.
The ball python grabs you.
The ball python constricts you. 😮 HP[-1]
You take 1 damage, and now have 7/10 hp.
You hit the ball python.
You kill the ball python!
You see here a ball python corpse.
g - a fuming dark potion 😎 HP[+3]
Your hp is fully restored (10).
Found a stone staircase leading down.
There is a stone staircase leading down here.
You now have 41 gold pieces (gained 16).
An endoplasm comes into view.
You see here 9 gold pieces.
The helpless endoplasm fails to defend itself.
You puncture the endoplasm!
You kill the endoplasm!
You now have 50 gold pieces (gained 9).
A quokka and an endoplasm come into view.
The helpless endoplasm fails to defend itself.
You puncture the endoplasm!
You kill the endoplasm!
The helpless quokka fails to defend itself.
You puncture the quokka!
You kill the quokka!
An endoplasm comes into view.
The helpless endoplasm fails to defend itself.
You puncture the endoplasm!
You kill the endoplasm!
You have reached level 2! 😎 HP[+5] MP[+2]
You now have 15 max hp (+5).
Your hp is fully restored (15).
Your mp is fully restored (5).
You see here a +0 scale mail.
A goblin comes into view. It is wielding a +0 dagger.
The helpless goblin fails to defend itself.
You impale the goblin!!
You kill the goblin!
You see here a +0 dagger {short}.
You see here a +0 scale mail.
Found a faded altar of an unknown god.
A kobold comes into view. It is wielding a +0 dagger.
The helpless kobold fails to defend itself.
You impale the kobold!!
You kill the kobold!
Things that are here:
a +0 dagger {short}; a kobold corpse You now have 57 gold pieces (gained 7).
h - a scroll labelled GIM WYONAHAO
i - a scroll labelled NOPSOL CUOFAO A rat comes into view.
The helpless rat fails to defend itself.
You impale the rat!!
You kill the rat!
j - a scroll labelled VUSUIN JOMASAI You enter the shallow water.
Moving in this stuff is going to be slow.
You enter the shallow water.
Moving in this stuff is going to be slow.
You enter the shallow water.
Moving in this stuff is going to be slow.
A quokka comes into view.
You throw a boomerang {throwing}.
The boomerang {throwing} closely misses the quokka.
You throw a boomerang {throwing}.
The boomerang {throwing} hits the quokka but does no damage.
The quokka bites you. 😕 HP[-1]
You take 1 damage, and now have 14/15 hp.
You hit the quokka but do no damage.
The quokka twitches its whiskers.
The quokka closely misses you.
You miss the quokka. The quokka completely misses you.
You miss the quokka. The quokka bites you. 😮 HP[-4]
You take 4 damage, and now have 10/15 hp.
MASSIVE DAMAGE!! (PAUSE)
You closely miss the quokka. The quokka bites you.
* * * LOW HITPOINT WARNING * * *
The quokka bites you but does no damage. 😨 HP[-4]
You take 4 damage, and now have 6/15 hp.
MASSIVE DAMAGE!! (PAUSE)
You hit the quokka. The quokka bites you.
* * * LOW HITPOINT WARNING * * *
😨 HP[-2]
You take 2 damage, and now have 4/15 hp.
You hit the quokka but do no damage. The quokka bites you.
* * * LOW HITPOINT WARNING * * *
😱 HP[-3]
You take 3 damage, and now have 1/15 hp.
You hit the quokka. The quokka misses you.
You closely miss the quokka.
The quokka bites you but does no damage.
You hit the quokka but do no damage. The quokka misses you.
You closely miss the quokka. The quokka bites you.
You die...

Action                   || total
-------------------------++-------
Melee: Dagger            ||    20
Throw: Boomerang         ||     4
 Stab: Sleeping          ||     7
Armor: Robe              ||     2
Dodge: Dodged            ||     9

Levels and vault maps discovered:
D:1:      nicolae_arrival_washed_ashore, layout_loops_cross, serial_shops,
          nicolae_shop_bloodbath_and_beyond, hellmonk_ecumenical_altar_zigzags

Notes
Turn   | Place    | Note
-------+----------+-------------------------------------------
     0 | D:1      | mortz the Kobold Enchanter began the quest for the Orb.
     0 | D:1      | Reached XP level 1. HP: 10/10 MP: 3/3
     0 | D:1      | magus.rc [v1.9.6]
    77 | D:1      | Found Umucvei's Weapon Emporium.
   397 | D:1      | Reached XP level 2. HP: 15/15 MP: 5/5
   501 | D:1      | Found a faded altar of an unknown god.
   714 | D:1      | HP: 1/15 [quokka (3)]
   718 | D:1      | Slain by a quokka

Vanquished Creatures
  A ball python (D:1)
  3 endoplasms (D:1)
  A goblin (D:1)
  A kobold (D:1)
  A quokka (D:1)
  A rat (D:1)
8 creatures vanquished.

Table legend:
 A = Non-vault XP
 B = Vault XP
 C = Vault XP percentage of total XP
 D = Non-vault monster count
 E = Vault monster count
 F = Vault count percentage of total count
                 A         B        C        D         E       F
            +---------+---------+-------+---------+---------+-------
      Total |      15 |       0 |   0.0 |       8 |       0 |   0.0
            +---------+---------+-------+---------+---------+-------
        D:1 |      15 |       0 |   0.0 |       8 |       0 |   0.0
            +---------+---------+-------+---------+---------+-------

Illustrated notes

Table legend:
 A = Kills in this place as a percentage of kills in entire the game.
 B = Kills by you in this place as a percentage of kills by you in the entire game.
 C = Kills by friends in this place as a percentage of kills by friends in the entire game.
 D = Other kills in this place as a percentage of other kills in the entire game.
 E = Experience gained in this place as a percentage of experience gained in the entire game.
 F = Experience gained in this place divided by the number of levels of this place that you have seen.
                   A       B       C       D       E      F
               +-------+-------+-------+-------+-------+----------------------
         Total | 100.0 | 100.0 |   N/A |   N/A | 100.0 |  15.0
       Dungeon | 100.0 | 100.0 |   N/A |   N/A | 100.0 |  15.0
               +-------+-------+-------+-------+-------+----------------------

Table legend: (Time is in decaauts)
 A = Elapsed time spent in this place.
 B = Non-inter-level travel time spent in this place.
 C = Inter-level travel time spent in this place.
 D = Time resting spent in this place.
 E = Time spent auto-exploring this place.
 F = Levels seen in this place.
 G = Mean time per level.
                   A        B        C        D        E       F      G
               +--------+--------+--------+--------+--------+-----+--------+
         Total |    722 |    722 |      0 |      0 |    638 |   1 |  722.0 |
       Dungeon |    722 |    722 |      0 |      0 |    638 |   1 |  722.0 |
               +--------+--------+--------+--------+--------+-----+--------+

Top non-repeatable levels by time:
     D:1: 722 daAuts
